 Dungeon Crawl Stone Soup version 0.32-a0-20-ge526923d97 (webtiles) character file.

Game seed: 4003001809861166855

711 jasper the Chopper (level 7, -4/56 HPs)
             Began as an Armataur Fighter on Jan 17, 2024.
             Was an Initiate of Yredelemnul.
             Slain by a gnoll bouda
             ... wielding a +0 club
              (5 damage)
             ... on level 4 of the Dungeon.
             The game lasted 00:05:41 (2911 turns).

jasper the Chopper (Armataur Fighter)               Turns: 2911, Time: 00:05:41

Health: -4/56      AC:  9    Str: 24    XL:     7   Next: 40%
Magic:  7/7        EV:  1    Int:  8    God:    Yredelemnul [......]
Gold:   218        SH:  0    Dex: -1 (9) Spells: 6/6 levels left

rFire   . . .        a - +1 war axe
rCold   . . .        d - +0 kite shield
rNeg    . . .        v - +0 chain mail
rPois   .            l - +0 helmet
rElec   .            w - scarf {shadows}
rCorr   .            (no gloves)
SInv    .            (no barding)
Will    .....        (no amulet) Stlth
                     n - +5 ring of evasion
HPRegen 0.29/turn    (no ring)
MPRegen 0.10/turn

%: roll
@: about to teleport, slowed, lost dexterity, very slow
A: large, deformed body, tough skin 3, armoured tail, roll 2
a: Renounce Religion, Recall Undead Harvest


You were on level 4 of the Dungeon.
You worshipped Yredelemnul.
Yredelemnul was noncommittal.
You visited 1 branch of the dungeon, and saw 6 of its levels.

You collected 218 gold pieces.

Inventory:

Hand Weapons
 a - a +1 war axe (weapon)
 r - the +7 long sword of Wetujewn {heavy, Dex+4}
   (You found it on level 3 of the Dungeon)

   Dex+4:     It affects your dexterity (+4).
Missiles
 e - 32 stones (quivered)
 q - 2 silver javelins
Armour
 b - a +0 scale mail
 c - a +0 buckler
 d - a +0 kite shield (worn)
 g - a scarf of harm
 l - a +0 helmet (worn)
 v - a +0 chain mail (worn)
 w - a scarf of shadows (worn)
Jewellery
 n - a +5 ring of evasion (left hand)
Wands
 k - a wand of light (8)
Scrolls
 f - a scroll of enchant weapon
 h - a scroll of immolation
 o - 2 scrolls of fog
 p - a scroll of vulnerability {unknown}
 s - a scroll of identify
Potions
 j - a potion of lignification
 t - a potion of haste {unknown}
 u - a potion of enlightenment {unknown}


   Skills:
 - Level 2.6 Fighting
 + Level 7.0 Axes
 - Level 3.6 Armour
 - Level 3.2 Shields


You had 6 spell levels left.
You didn't know any spells.
Your spell library contained the following spells:

 Spells                   Type           Power      Damage    Failure   Level
 Necrotise                Necr           0%         1d4       99%         1
 Shock                    Conj/Air       0%         1d3       99%         1
 Summon Small Mammal      Summ           0%         N/A       99%         1
 Call Canine Familiar     Summ           0%         N/A       100%        3
 Swiftness                Air            0%         N/A       100%        3
 Vampiric Draining        Necr           0%         2d6       100%        3
 Airstrike                Air            0%         2d(0-16)  100%        4
 Martyr's Knell           Necr/Summ      0%         N/A       100%        4
 Summon Blazeheart Golem  Fire/Summ      0%         N/A       100%        4
 Curse of Agony           Necr           0%         N/A       100%        5


Dungeon Overview and Level Annotations

Branches:
Dungeon (6/15)             Temple (0/1) D:5

Altars:
Yredelemnul

Annotations:
D:2 Sigmund
D:5 Ijyb, Pikel


Innate Abilities, Weirdness & Mutations

Armour fits poorly on your strangely shaped body.
You have extremely tough skin. (AC +3)
You have a long armoured tail.
You regenerate magic and health when rolling toward enemies. (Rampage Regen)


Message History

The gnoll hits you with a +0 flail.
The gnoll bouda gazes fiercely through you!
You feel your attacks grow feeble.
The gnoll hits you from afar with a +0 spear!
* * * LOW HITPOINT WARNING * * *
You see here a +0 whip.
You take 12 damage, and have 16/56 hp.
MASSIVE DAMAGE!!
The gnoll attacks as it pursues you!
The gnoll hits you from afar with a +0 spear.
* * * LOW HITPOINT WARNING * * *
The gnoll hits you with a +0 flail.
* * * LOW HITPOINT WARNING * * *
You take 3 damage, and have 13/56 hp.
You feel better.
The gnoll hits you from afar with a +0 spear.
The phantom hits you.
* * * LOW HITPOINT WARNING * * *
The phantom blinks!
You blink.
The gnoll completely misses you.
You regained 3 hp, and now have 16/56 hp.
As you read the scroll of teleportation, it crumbles to dust.
You feel strangely unstable.
The gnoll is no longer moving quickly.
The phantom hits you but does no damage.
The gnoll bouda hits you with a +0 club.
* * * LOW HITPOINT WARNING * * *
The gnoll hits you but does no damage. The phantom hits you.
* * * LOW HITPOINT WARNING * * *
You take 4 damage, and have 12/56 hp.
Your attacks no longer feel as feeble.
The gnoll is no longer moving quickly.
The gnoll hits you from afar with a +0 spear!
* * * LOW HITPOINT WARNING * * *
The endoplasm hits you but does no damage.
You take 6 damage, and have 6/56 hp.
The endoplasm attacks as it pursues you!
The endoplasm hits you but does no damage.
The phantom hits you.
* * * LOW HITPOINT WARNING * * *
The gnoll bouda hits you with a +0 club.
You die...
Your body rises from the dead as a mindless zombie.

##.##...####..####..#
...#....# #..## #....
..#.....####### ###..
.......)##.# .#
.........#.# #<
....).....##
......gg...##
.#....WJ....#
##...@g.....#
..............#
.....##........#
..... #.........#
.... #..#....#.. .#..
..##.... #. .. ..


You could see a phantom, a gnoll bouda, 2 gnolls and an endoplasm.

Vanquished Creatures
  A water moccasin (D:6)
  An ice beast (D:5)
  An ogre (D:5)
  2 scorpions
  3 quasits (D:5)
  An orc priest (D:5)
  Robin (D:1)
  7 adders
  A shadow imp (D:5)
  A white imp (D:5)
  2 ufetubi
  A dart slug (D:3)
  A ribbon worm (D:2)
  3 orcs
  4 ball pythons
  5 endoplasms
  A giant cockroach (D:1)
  10 goblins
  5 hobgoblins
  5 quokkas
  2 bats (D:1)
  4 frilled lizards
  2 kobolds
  4 rats
68 creatures vanquished.

Vanquished Creatures (collateral kills)
  A gnoll (D:4)
  2 ufetubi
  An orc (D:5)
  A bat (D:3)
5 creatures vanquished.

Vanquished Creatures (others)
  An ogre zombie (D:5)
  An adder zombie (D:4)
  A gnoll zombie (D:4)
  A ball python zombie (D:3)
  A goblin zombie (D:3)
  An orc zombie (D:5)
  2 quokka zombies
  4 spectral ufetubi
12 creatures vanquished.

Grand Total: 85 creatures vanquished

Notes
Turn   | Place    | Note
-------+----------+-------------------------------------------
     0 | D:1      | jasper the Armataur Fighter began the quest for the Orb.
     0 | D:1      | Reached XP level 1. HP: 18/18 MP: 1/1
   400 | D:1      | Reached skill level 2 in Axes
   519 | D:1      | Reached XP level 2. HP: 25/25 MP: 2/2
  1031 | D:2      | Noticed Robin
  1041 | D:1      | Killed Robin
  1042 | D:1      | Reached skill level 3 in Axes
  1042 | D:1      | Reached XP level 3. HP: 30/30 MP: 3/3
  1364 | D:2      | Found a basalt altar of Yredelemnul.
  1427 | D:2      | Reached XP level 4. HP: 37/37 MP: 4/4
  1540 | D:2      | Noticed Sigmund
  1782 | D:3      | Identified the +7 long sword of Wetujewn {heavy, Dex+4}
  1787 | D:3      | Found a basalt altar of Yredelemnul.
  1794 | D:3      | Became a worshipper of Yredelemnul the Dark
  1858 | D:3      | Reached skill level 4 in Axes
  1939 | D:3      | Noticed a scorpion
  1965 | D:3      | Killed a scorpion
  1966 | D:3      | Reached XP level 5. HP: 29/42 MP: 5/5
  2304 | D:3      | You fall into a shaft and drop 3 floors!
  2315 | D:6      | Noticed a water moccasin
  2328 | D:6      | Killed a water moccasin
  2329 | D:6      | Reached skill level 5 in Axes
  2329 | D:6      | Reached XP level 6. HP: 50/50 MP: 6/6
  2388 | D:6      | Reached * piety under Yredelemnul
  2465 | D:5      | Entered Level 5 of the Dungeon
  2525 | D:5      | Found a staircase to the Ecumenical Temple.
  2555 | D:5      | Noticed an ice beast
  2562 | D:5      | Reached skill level 6 in Axes
  2567 | D:5      | Killed an ice beast
  2601 | D:5      | Noticed Ijyb
  2604 | D:5      | Gained mutation: You regenerate magic and health when
                  | rolling toward enemies. (Rampage Regen) [Armataur growth]
  2604 | D:5      | Reached XP level 7. HP: 54/56 MP: 4/7
  2611 | D:5      | Noticed Pikel
  2771 | D:5      | Lost dexterity.
  2804 | D:5      | Reached skill level 7 in Axes
  2911 | D:4      | HP: 1/56 [phantom (5)]
  2911 | D:4      | Slain by a gnoll bouda

Illustrated notes

Levels and vault maps discovered:
D:1:      amcnicky_arrival_feature_with_door, layout_basic, serial_forest,
          infiniplex_forest_diagonal, infiniplex_forest_end_double,
          infiniplex_forest_clump_double, infiniplex_forest_lined_3,
          infiniplex_forest_end_2, infiniplex_forest_zigzag_2,
          infiniplex_forest_straight_2, infiniplex_forest_clump_medium,
          infiniplex_forest_lined_room_2
D:2:      layout_rooms, serial_shops, nicolae_shop_competitors_out_of_business,
          basic_altar, uniq_robin, uniq_sigmund, uniq_crazy_yiuf_cottage
D:3:      layout_loops_ring, overflow_temple_1_default
D:4:      layout_cave_pools, grunt_temple_overflow_diamond
D:5:      layout_layer_cave, tso_altar, minmay_temple_entry_large_hall,
          serial_demonic, serial_demonic_b, serial_demonic_f, serial_demonic_b,
          serial_demonic_d, uniq_ijyb, uniq_pikel
D:6:      layout_loops_cross, zin_purify, uniq_maggie

Skill      XL: |  1  2  3  4  5  6  7 |
---------------+----------------------+-----
Axes           | 2 3 4 5 6 7 |  7.0
Fighting       | |  2.6
Armour         | |  3.6
Shields        | |  3.2

Action                     |  1- 3 |  4- 6 |  7- 9 || total
---------------------------+-------+-------+-------++-------
  Melee: War axe           |    83 |    68 |    46 ||   197
         Tailslap          |     8 |     3 |     1 ||    12
  Throw: Stone             |     3 |     1 |       ||     4
 Invoke: Recall Undead Har |       |     1 |     1 ||     2
  Evoke: Wand              |       |     1 |       ||     1
    Use: Scroll            |     2 |     8 |     2 ||    12
         Potion            |       |     2 |     5 ||     7
 Armour: Scale mail        |    53 |    42 |       ||    95
         Skin              |       |    16 |       ||    16
         Chain mail        |       |    16 |   243 ||   259
  Dodge: Dodged            |    41 |    31 |   114 ||   186
  Block: Buckler           |     5 |     6 |       ||    11
         Kite shield       |       |    18 |    50 ||    68

Table legend: (Time is in decaauts)
 A = Elapsed time spent in this place.
 B = Non-inter-level travel time spent in this place.
 C = Inter-level travel time spent in this place.
 D = Time resting spent in this place.
 E = Time spent auto-exploring this place.
 F = Levels seen in this place.
 G = Mean time per level.
                   A        B        C        D        E       F      G
               +--------+--------+--------+--------+--------+-----+--------+
         Total |   3051 |   2911 |    140 |    609 |   1510 |   6 |  508.5 |
       Dungeon |   3051 |   2911 |    140 |    609 |   1510 |   6 |  508.5 |
               +--------+--------+--------+--------+--------+-----+--------+

Top non-repeatable levels by time:
     D:1: 924 daAuts
     D:3: 741 daAuts
     D:2: 686 daAuts
     D:5: 386 daAuts
     D:6: 165 daAuts
     D:4: 146 daAuts
